 Dungeon Crawl Stone Soup version 0.21.1-1-g345015f (webtiles) character file.

397 sankara the Chucker (level 6, -1/66 HPs)
             Began as an Ogre Hunter on Apr 20, 2018.
             Killed from afar by an orc wizard (8 damage)
             ... with a puff of frost
             ... on level 3 of the Dungeon.
             The game lasted 00:13:30 (5307 turns).

sankara the Chucker (Ogre Hunter)                   Turns: 5307, Time: 00:13:30

Health: -1/66      AC:  3    Str: 19    XL:     6   Next: 83%
Magic:  6/6        EV: 10    Int: 12    God:
Gold:   75         SH:  0    Dex: 13    Spells: 5/5 levels left

rFire    . . .     SeeInvis .   a - +0 short sword
rCold    . . .     Gourm    +   (no shield)
rNeg     . . .     Faith    .   b - +0 robe
rPois    .         Spirit   .   (helmet restricted)
rElec    .         Reflect  .   (no cloak)
rCorr    .         Harm     .   (gloves unavailable)
MR       .....                  (boots unavailable)
Stlth    +.........             t - amulet of the gourmand {Gourm, !d}
HPRegen  0.21/turn              j - +4 ring of dexterity
MPRegen  0.10/turn              (no ring)

@: no status effects
A: large, unfitting armour, tough skin 1
a: no special abilities


You were on level 3 of the Dungeon.
You were very full.

You visited 1 branch of the dungeon, and saw 4 of its levels.

You collected 75 gold pieces.

Inventory:

Hand Weapons
 a - a +0 short sword (weapon)
Missiles
 c - 5 large rocks {!d}
 d - 2 throwing nets {=f, !d}
 i - 51 stones (quivered)
 v - 5 curare-tipped needles
Armour
 b - a +0 robe (worn)
Jewellery
 j - a +4 ring of dexterity (left hand)
   (You found it on level 1 of the Dungeon)
 t - an amulet of the gourmand (around neck) {Gourm, !d}
   (You found it on level 3 of the Dungeon)
Wands
 s - a wand of iceblast (6)
   (You found it on level 3 of the Dungeon)
Scrolls
 h - 4 scrolls of remove curse {unknown}
 l - 3 scrolls of amnesia {unknown}
 m - a scroll of fear {unknown}
 o - 4 scrolls of teleportation {unknown}
 u - a scroll of random uselessness {unknown}
Potions
 e - 4 potions of heal wounds {unknown}
 g - 2 potions of lignification {unknown}
 k - 2 potions of magic {unknown}
 n - 2 potions of haste {unknown}
 p - a potion of ambrosia {unknown}
 q - a potion of berserk rage {unknown}
 r - a potion of mutation {unknown}
Comestibles
 f - 5 rations


   Skills:
 - Level 5.0 Fighting
 + Level 7.2 Throwing
 - Level 1.7 Dodging
 - Level 0.6 Stealth


You had 5 spell levels left.
You didn't know any spells.

Dungeon Overview and Level Annotations

Branches:
Dungeon (4/15)
 Temple: D:4-7

Altars:
Yredelemnul


Innate Abilities, Weirdness & Mutations

You are too large for most types of armour.
You have tough skin. (AC +1)


Message History

Press: ? - help, Shift-Dir - straight line, f/p - orc
Aim: an orc, wielding a flail and wearing a scale mail (severely wounded)
You throw a stone. The stone hits the orc.
You kill the orc!
The orc priest moves out of view.
Throwing (i - inventory. (,) - cycle):
i - 53 stones (quivered)
Press: ? - help, Shift-Dir - straight line, f - orc wizard
Aim: an orc wizard, wielding a dagger and wearing a robe (fast)
You throw a stone.
The stone closely misses the orc wizard.
An orc comes into view. It is wielding a dagger.
Throwing (i - inventory. (,) - cycle):
i - 52 stones (quivered)
Press: ? - help, Shift-Dir - straight line, f/p - orc wizard
Aim: an orc wizard, wielding a dagger and wearing a robe (fast)
You throw a stone. The stone barely misses the orc wizard.
The orc shouts!
The orc priest looks encouraged for a moment.
You hit the orc wizard.
The orc wizard is moderately wounded.
The orc wizard hits you with a dagger.
You hit the orc wizard but do no damage.
The orc wizard is moderately wounded.
The orc wizard barely misses you. The orc wizard misses you.
You hit the orc wizard but do no damage.
The orc wizard is moderately wounded.
The orc wizard hits you with a dagger.
The orc priest calls upon Beogh to heal the orc wizard.
The orc wizard's wounds heal themselves!
You hit the orc wizard.
The orc wizard is lightly wounded.
The orc wizard hits you but does no damage. x2
The orc priest invokes the aid of Beogh against you.
Beogh smites you!
You hit the orc wizard.
The orc wizard is moderately wounded.
The orc wizard hits you but does no damage.
The orc wizard barely misses you.
You hit the orc wizard but do no damage.
The orc wizard is moderately wounded.
The orc wizard hits you but does no damage.
The orc priest looks satisfied for a moment.
The orc wizard hits you but does no damage.
The orc priest calls down the wrath of Beogh upon you.
Pain shoots through your body!
The orc wizard hits you but does no damage.
The orc wizard barely misses you.
The orc priest looks satisfied for a moment.
The orc wizard hits you but does no damage.
The orc wizard hits you with a dagger.
The orc wizard miscasts a cantrip.
The orc wizard hits you but does no damage.
The orc priest invokes the aid of Beogh against you.
Beogh smites you! The orc wizard hits you with a dagger.
The orc wizard barely misses you.
There is a stone staircase leading up, spattered with blood here.
The orc wizard hits you but does no damage.
The orc priest calls upon Beogh to heal the orc wizard.
The orc wizard's wounds heal themselves!
The orc wizard closely misses you.
You climb upwards.
There is a stone staircase leading down, spattered with blood here.
You closely miss the orc wizard. The orc wizard barely misses you.
You puncture the orc wizard!
The orc wizard is heavily wounded.
The orc wizard points at you and mumbles some strange words.
The puff of frost hits you!
* * * LOW HITPOINT WARNING * * *
The orc wizard closely misses you.
You hit the orc wizard but do no damage.
The orc wizard is heavily wounded.
The orc wizard hits you but does no damage. x2
You miss the orc wizard.
The orc wizard is heavily wounded.
The orc wizard closely misses you.
You hit the orc wizard but do no damage.
The orc wizard is heavily wounded.
The orc wizard hits you with a dagger.
* * * LOW HITPOINT WARNING * * *
The orc wizard closely misses you.
You closely miss the orc wizard.
The orc wizard is heavily wounded.
The orc wizard hits you but does no damage.
The orc wizard barely misses you.
You puncture the orc wizard!
The orc wizard is almost dead.
The orc wizard casts a spell.
The orc wizard flickers and vanishes!
Deactivating autopickup; reactivate with Ctrl-A.
You miss something. Something hits you.
* * * LOW HITPOINT WARNING * * *
You hear some strange, mumbled words.
A magic dart appears from out of thin air!
The magic dart hits you!
* * * LOW HITPOINT WARNING * * *
You miss something. Something hits you.
* * * LOW HITPOINT WARNING * * *
You hear some strange, mumbled words.
A puff of frost appears from out of thin air!
The puff of frost hits you!
You die...

#########
#.......#
#.#####.##########
..###............#
......#.#..#####{#
..#####.#..# #@#
#..........### #)#
########.#...# #.#
# #...#.# #.# ##
###.#.# #.# .##
###.#.###.# ..##
#.........# ...##
#..##.###.#
....####...#.# #.#


There were no monsters in sight!

Vanquished Creatures
  An ogre (D:4)
  An iguana (D:4)
  3 worker ants
  A hound skeleton (D:4)
  6 gnolls
  6 adders
  2 oozes (D:1)
  An adder skeleton (D:4)
  A worm (D:3)
  2 leopard geckos
  2 orcs (D:4)
  4 ball pythons (D:3)
  3 giant cockroaches
  13 hobgoblins
  3 jackals (D:1)
  6 kobolds
  2 quokkas (D:4)
  6 bats
  6 frilled lizards
  7 goblins
  8 rats
84 creatures vanquished.

Notes
Turn   | Place    | Note
-------+----------+-------------------------------------------
     0 | D:1      | sankara the Ogre Hunter began the quest for the Orb.
     0 | D:1      | Reached XP level 1. HP: 22/22 MP: 1/1
    91 | D:1      | Reached skill level 3 in Fighting
   376 | D:1      | Reached XP level 2. HP: 30/31 MP: 2/2
   995 | D:1      | Reached XP level 3. HP: 39/39 MP: 3/3
  1184 | D:1      | Reached skill level 4 in Fighting
  1741 | D:2      | Reached XP level 4. HP: 44/49 MP: 4/4
  2203 | D:3      | Reached skill level 5 in Throwing
  2379 | D:3      | Reached skill level 5 in Fighting
  2382 | D:3      | Reached XP level 5. HP: 35/57 MP: 5/5
  3447 | D:4      | Noticed an ogre
  3451 | D:4      | Killed an ogre
  3451 | D:4      | Reached skill level 6 in Throwing
  3475 | D:4      | Reached XP level 6. HP: 61/66 MP: 6/6
  4547 | D:4      | Found a basalt altar of Yredelemnul.
  4910 | D:4      | Reached skill level 7 in Throwing
  5306 | D:3      | HP: 13/66 [something (5)]
  5307 | D:3      | Killed from afar by an orc wizard

Skill      XL: |  1  2  3  4  5  6 |
---------------+-------------------+-----
Fighting       | 3 4 5 |  5.0
Throwing       | 5 6 7 |  7.2
Dodging        | |  1.7
Stealth        | |  0.6

Action                   |  1- 3 |  4- 6 || total
-------------------------+-------+-------++-------
Melee: Short sword       |   104 |   200 ||   304
Throw: Stone             |    60 |   116 ||   176
       Large rock        |     8 |     9 ||    17
 Stab: Sleeping          |       |     2 ||     2
  Eat: Chunk             |     3 |    19 ||    22
Armor: Robe              |    49 |    48 ||    97
Dodge: Dodged            |    83 |   106 ||   189

Vault maps used:
D:1:      nagdon_arrival_double_spiral
D:3:      first_ration
D:4:      kennysheep_mini_moat, serial_curves, eino_curves_02, eino_curves_02

Table legend:
 A = Turns spent in this place as a percentage of turns spent in the entire game.
 B = Non-inter-level travel turns spent in this place as a percentage of non-inter-level travel turns spent in the entire game.
 C = Inter-level travel turns spent in this place as a percentage of turns spent in this place.
 D = Turns resting spent in this place as a percentage of non-inter-level travel turns spent in this place.
 E = Turns spent auto-exploring this place as a percentage of non-inter-level travel turns spent in this place.
 F = Non-inter-level travel turns spent in this place divided by the number of levels of this place that you've seen.
                   A       B       C       D       E      F
               +-------+-------+-------+-------+-------+----------------------
         Total | 100.0 | 100.0 |   1.3 |  40.4 |  40.9 | 1309.0
       Dungeon | 100.0 | 100.0 |   1.3 |  40.4 |  40.9 | 1309.0
               +-------+-------+-------+-------+-------+----------------------

Table legend:
 A = Kills in this place as a percentage of kills in entire the game.
 B = Kills by you in this place as a percentage of kills by you in the entire game.
 C = Kills by friends in this place as a percentage of kills by friends in the entire game.
 D = Other kills in this place as a percentage of other kills in the entire game.
 E = Experience gained in this place as a percentage of experience gained in the entire game.
 F = Experience gained in this place divided by the number of levels of this place that you have seen.
                   A       B       C       D       E      F
               +-------+-------+-------+-------+-------+----------------------
         Total | 100.0 | 100.0 |   N/A |   N/A | 100.0 | 142.0
       Dungeon | 100.0 | 100.0 |   N/A |   N/A | 100.0 | 142.0
               +-------+-------+-------+-------+-------+----------------------
